 Dungeon Crawl Stone Soup version 0.32-a0-306-gfed3edf829 (webtiles) character file.

Game seed: 3746523549462950933

316 voltaire321 the Chiller (level 6, -8/46 HPs)
             Began as a Merfolk Ice Elementalist on Feb 15, 2024.
             Mangled by Pikel
             ... wielding a +1 whip of electrocution
              (10 damage)
             ... on level 4 of the Dungeon.
             The game lasted 00:12:26 (3647 turns).

voltaire321 the Chiller (Merfolk Ice Elementalist)  Turns: 3647, Time: 00:12:27

Health: -8/46      AC:  7    Str: 10    XL:     6   Next: 44%
Magic:  10/10      EV: 13    Int: 14    God:
Gold:   212        SH:  0    Dex: 15    Spells: 4/11 levels left

rFire   . . .        s - +2 falchion (drain)
rCold   . . .        (no shield)
rNeg    . . .        r - +2 leather armour {Will+}
rPois   .            m - +1 helmet
rElec   .            (no cloak)
rCorr   .            (no gloves)
SInv    .            (no boots)
Will    +....        p - amulet of the acrobat
Stlth   ++           (no ring)
HPRegen 0.27/turn    (no ring)
MPRegen 0.12/turn

%: acrobat
@: no status effects
A: (nimble swimmer 2), mertail
a: no special abilities


You were on level 4 of the Dungeon.
You visited 1 branch of the dungeon, and saw 4 of its levels.

You collected 212 gold pieces.

Inventory:

Hand Weapons
 b - a +2 short sword of draining
 c - a +0 dagger
 l - a +1 dagger of pain
 s - a +2 falchion of draining (weapon)
Armour
 a - a +0 robe
 h - a +3 scale mail of positive energy
 m - a +1 helmet (worn)
 r - a +2 leather armour of willpower (worn)
Jewellery
 p - an amulet of the acrobat (around neck)
Wands
 k - a wand of digging (3)
Scrolls
 d - 3 scrolls of identify
 f - a scroll of poison {unknown}
 i - 2 scrolls of enchant armour {unknown}
 j - a scroll of revelation {unknown}
 n - a scroll of noise {unknown}
 o - a scroll of vulnerability {unknown}
 t - 3 scrolls of teleportation {unknown}
Potions
 e - a potion of curing
 g - a potion of cancellation {unknown}
 q - 2 potions of heal wounds {unknown}


   Skills:
 + Level 2.7 Fighting
 + Level 1.8 Armour
 + Level 4.5 Dodging
 - Level 2.1 Stealth
 + Level 3.2 Spellcasting
 + Level 5.4 Ice Magic


You had 4 spell levels left.
You knew the following spells:

 Your Spells              Type           Power      Damage    Failure   Level
a - Freeze                Ice            68%        1d8       3%          1
b - Frozen Ramparts       Ice            34%        1d6       9%          3
c - Ozocubu's Armour      Ice            17%        N/A       9%          3

Your spell library contained the following spells:

 Spells                   Type           Power      Damage    Failure   Level
 Summon Ice Beast         Ice/Summ       9%         N/A       26%         3
 Magic Dart               Conj           8%         1d3       28%         1
 Sting                    Conj/Alch      8%         1d3       28%         1
 Summon Small Mammal      Summ           8%         N/A       28%         1
 Mercury Vapours          Alch/Air       4%         N/A       38%         2
 Searing Ray              Conj           4%         2d4       38%         2
 Call Canine Familiar     Summ           2%         N/A       63%         3
 Fulminant Prism          Conj/Alch      1%         3d5       95%         4
 Olgreb's Toxic Radiance  Alch           2%         N/A       95%         4
 Summon Blazeheart Golem  Fire/Summ      2%         N/A       95%         4


Dungeon Overview and Level Annotations

Branches:
Dungeon (4/15)
 Temple: D:4-7

Altars:
Fedhas
Makhleb
Beogh

Annotations:
D:3 3 runed translucent doors, Grinder; Scrimshaw's ghost, amateur GnHW
D:4 Pikel


Innate Abilities, Weirdness & Mutations

((You are very nimble when in or above water. (Stealth+, EV+, Speed+++)))
Your lower body shifts to a powerful aquatic tail in water.


Message History

The lemure barely misses you. The lemure closely misses you.
You completely miss the lemure.
The lemure is moderately wounded.
The lemure closely misses you. The lemure hits you.
You slash the lemure!
The lemure is heavily wounded.
The lemure misses you. The lemure barely misses you.
The lemure hits you but does no damage. The lemure hits you.
You barely miss the lemure.
The lemure is heavily wounded.
The lemure closely misses you. The lemure hits you but does no damage.
You completely miss the lemure.
The lemure is heavily wounded.
The lemure hits you. x2
You slash the lemure!
The lemure is severely wounded.
The lemure hits you. x2
* * * LOW HITPOINT WARNING * * *
The lemure misses you. The lemure barely misses you.
You hit the lemure.
The lemure is severely wounded.
The lemure hits you but does no damage. The lemure barely misses you.
You hit the lemure but do no damage.
The lemure is severely wounded.
The lemure hits you but does no damage. The lemure closely misses you.
You barely miss the lemure.
The lemure is severely wounded.
Pikel says, "You'll feel the lick of my whip!"
The lemure hits you!
* * * LOW HITPOINT WARNING * * *
The lemure closely misses you. The lemure hits you.
* * * LOW HITPOINT WARNING * * *
You slash the lemure!
You kill the lemure!
That felt strangely unrewarding.
The lemure misses you.
You slash the lemure!
The lemure is moderately wounded.
Pikel hits you with a +1 whip of electrocution!
You die...
Pikel says, "Another soul for the market."

######. .....5.
######### .....#
#@5.....# [.K..##
#K#####.# ##.##
...5... ./.K...5#
#.# #...# 5$.$.#
..5.....# #.#
#...# 5....#
....###.# #.#
#...# ..r.... ..#
#..#####.# #...#
#.#.... .
........###...####
......
.#.#..............
##. . ..
.#..............


You could see Pikel and 2 lemures.

Vanquished Creatures
  A lemure (D:4)
  An orc priest (D:3)
  Natasha (thrice) (D:2)
  Terence (D:2)
  Robin (D:2)
  4 adders
  4 dart slugs
  A ribbon worm (D:2)
  5 orcs
  4 bats
  4 endoplasms (D:2)
  4 giant cockroaches
  8 goblins
  9 hobgoblins
  2 quokkas
  5 ball pythons
  2 frilled lizards (D:2)
  9 kobolds
  8 rats
76 creatures vanquished.

Notes
Turn   | Place    | Note
-------+----------+-------------------------------------------
     0 | D:1      | voltaire321 the Merfolk Ice Elementalist began the quest
                  | for the Orb.
     0 | D:1      | Reached XP level 1. HP: 13/13 MP: 3/3
   111 | D:1      | Reached XP level 2. HP: 19/20 MP: 0/5
   279 | D:1      | Reached skill level 1 in Fighting
   350 | D:1      | Reached XP level 3. HP: 18/26 MP: 1/6
   539 | D:1      | Found a roughly hewn altar of Beogh.
   618 | D:1      | Found a faded altar of an unknown god.
   778 | D:2      | Noticed Robin
   860 | D:2      | Reached XP level 4. HP: 32/32 MP: 7/7
   922 | D:2      | Reached skill level 1 in Armour
   939 | D:2      | Noticed Natasha
   949 | D:2      | Killed Natasha
  1287 | D:2      | Noticed Terence
  1315 | D:3      | Found a runed translucent gate.
  1315 | D:3      | Found a runed translucent gate.
  1315 | D:3      | Found a runed translucent gate.
  1315 | D:3      | Noticed Scrimshaw's ghost (amateur GnHW)
  1336 | D:3      | Learned a level 3 spell: Frozen Ramparts
  1340 | D:3      | Learned a level 3 spell: Ozocubu's Armour
  1424 | D:3      | Reached XP level 5. HP: 35/38 MP: 4/9
  1504 | D:2      | Killed Terence
  1505 | D:2      | Reached skill level 5 in Ice Magic
  1683 | D:3      | Found a burning altar of Makhleb.
  1685 | D:3      | Noticed Grinder
  1810 | D:2      | Noticed Natasha
  1818 | D:2      | Killed Natasha
  2008 | D:2      | Killed Robin
  2245 | D:2      | Noticed Natasha
  2253 | D:2      | Killed Natasha
  2254 | D:2      | Reached XP level 6. HP: 36/46 MP: 6/10
  2944 | D:3      | Paralysed by Grinder for 4 turns
  3033 | D:3      | Found a blossoming altar of Fedhas.
  3470 | D:4      | Noticed Pikel
  3645 | D:4      | HP: 1/46 [lemure[Pikel] (3)]
  3647 | D:4      | Mangled by Pikel

Illustrated notes

Levels and vault maps discovered:
D:1:      erik_arrival_triangle_medium, layout_rooms,
          hellmonk_ecumenical_altar_defaced_shrine
D:2:      layout_loops_cross, uniq_natasha, uniq_terence, uniq_robin
D:3:      layout_loops_ring, bloody_makhleb, fedhas_altar_3,
          gammafunk_ghost_split, chequers_jeans, corexii_corridor_pit,
          hangedman_decor_push, uniq_grinder
D:4:      layout_loops_cross, nicolae_ru_great_annihilating_truth, serial_shops,
          shop, gup_sewer_entry_spiral, uniq_pikel

Skill      XL: |  1  2  3  4  5 |
---------------+----------------+-----
Dodging        | 3 4 |  4.5
Fighting       | 1 2 |  2.7
Armour         | 1 |  1.8
Ice Magic      | 5 |  5.4
Spellcasting   | 3 |  3.2
Stealth        | |  2.1

Action                     |  1- 3 |  4- 6 || total
---------------------------+-------+-------++-------
  Melee: Unarmed           |     9 |       ||     9
         Dagger            |     9 |    47 ||    56
         Falchion          |       |    18 ||    18
   Cast: Freeze            |    37 |    72 ||   109
         Frozen Ramparts   |       |     5 ||     5
         Ozocubu's Armour  |       |     3 ||     3
    Use: Scroll            |       |     1 ||     1
         Potion            |       |     1 ||     1
   Stab: Sleeping          |     4 |     3 ||     7
 Armour: Robe              |    19 |    42 ||    61
         Leather armour    |       |    20 ||    20
  Dodge: Dodged            |    39 |    76 ||   115

Table legend: (Time is in decaauts)
 A = Elapsed time spent in this place.
 B = Non-inter-level travel time spent in this place.
 C = Inter-level travel time spent in this place.
 D = Time resting spent in this place.
 E = Time spent auto-exploring this place.
 F = Levels seen in this place.
 G = Mean time per level.
                   A        B        C        D        E       F      G
               +--------+--------+--------+--------+--------+-----+--------+
         Total |   3651 |   3360 |    291 |    767 |   1552 |   4 |  912.8 |
       Dungeon |   3651 |   3360 |    291 |    767 |   1552 |   4 |  912.8 |
               +--------+--------+--------+--------+--------+-----+--------+

Top non-repeatable levels by time:
     D:2: 1446 daAuts
     D:3: 1209 daAuts
     D:1: 835 daAuts
     D:4: 161 daAuts
